 Dungeon Crawl Stone Soup version 0.31-a0-408-gb642c7f9a3 (webtiles) character file.

Game seed: 10249423017957664601

121 Newt the Shooter (level 5, -3/52 HPs)
             Began as a Kobold Hunter on July 30, 2023.
             Killed from afar by Ijyb (12 damage)
             ... with a bolt of acid
             ... on level 3 of the Dungeon.
             The game lasted 00:02:06 (2234 turns).

Newt the Shooter (Kobold Hunter)                    Turns: 2234, Time: 00:02:09

Health: -3/52      AC: 10    Str: 13    XL:     5   Next: 26%
Magic:  14/14      EV:  3    Int: 16    God:
Gold:   94         SH:  0    Dex: 24    Spells: 4/4 levels left

rFire   . . .        a - +0 shortbow
rCold   . . .        (shield currently unavailable)
rNeg    . . .        c - melded +0 leather armour
rPois   +            (helmet currently unavailable)
rElec   .            (cloak currently unavailable)
rCorr   .            (gloves currently unavailable)
SInv    +            j - melded +0 pair of boots
Will    .....        h - amulet of Kylipt {Fly rPois Regen+ Str+5 Dex+3}
Stlth   +++          i - ring of magical power
HPRegen 1.08/turn    g - +6 ring of intelligence
MPRegen 0.14/turn

%: clarity
@: brilliant, tree-form, corroded
A: stationary, stasis, torment immunity, boosted hp, small, no large weapons,
nightstalker 3, see invisible, clarity
a: no special abilities


You were on level 3 of the Dungeon.
You were a tree.
You visited 1 branch of the dungeon, and saw 3 of its levels.

You collected 94 gold pieces.

Inventory:

Hand Weapons
 a - a +0 shortbow (weapon)
Missiles
 k - 2 throwing nets
Armour
 c - a +0 leather armour (melded)
 j - a +0 pair of boots (melded)
Jewellery
 g - a +6 ring of intelligence (right branch)
 h - the amulet of Kylipt (around neck) {Fly rPois Regen+ Str+5 Dex+3}
   (You found it on level 2 of the Dungeon)

   [amulet of regeneration]

   Str:       It affects your strength (+5).
   Dex:       It affects your dexterity (+3).
   rPois:     It protects you from poison.
   Fly:       It grants you flight.
   Regen:     It increases your rate of health regeneration.
 i - a ring of magical power (left branch)
Scrolls
 l - 2 scrolls of poison
 n - a scroll of revelation {unknown}


   Skills:
 - Level 5.0 Fighting
 + Level 6.1 Ranged Weapons
 - Level 2.4 Dodging
 - Level 1.3 Stealth


You had 4 spell levels left.
You didn't know any spells.
Your spell library contained the following spells:

 Spells                   Type           Power      Damage    Failure   Level
 Kiss of Death            Conj/Necr      0%         2d5       26%         1
 Sting                    Tmut/Pois      0%         1d3       26%         1
 Lesser Beckoning         Tloc           0%         N/A       36%         2
 Poisonous Vapours        Pois/Air       0%         N/A       36%         2
 Confusing Touch          Hex            0%         N/A       58%         3
 Gell's Gravitas          Tloc           0%         N/A       58%         3
 Hailstorm                Conj/Ice       0%         3d3       58%         3
 Teleport Other           Tloc           0%         N/A       58%         3
 Dispel Undead            Necr           0%         3d6       94%         4
 Olgreb's Toxic Radiance  Pois           0%         N/A       94%         4
 Summon Ice Beast         Ice/Summ       0%         N/A       94%         4
 Simulacrum               Ice/Necr       0%         N/A       100%        6


Dungeon Overview and Level Annotations

Branches:
Dungeon (3/15)

Altars:

Shops:
D:2 (

Annotations:
D:3 Ijyb


Innate Abilities, Weirdness & Mutations

You are a tree.
Your roots penetrate the ground, keeping you stationary.
You cannot be teleported.
You are immune to unholy pain and torment.
Your maximum health is greatly increased.
Your equipment is partially melded.
You are small and have problems with some larger weapons.
You are completely attuned to the shadows.
You have supernaturally acute eyesight. (SInv)
You possess an exceptional clarity of mind.


Message History

The acid corrodes you!
You shoot an arrow. The arrow hits Ijyb.
Ijyb is heavily wounded.
Ijyb hits you but does no damage.
You aren't carrying any items that you can evoke.
You shoot an arrow. The arrow barely misses Ijyb.
Ijyb hits you but does no damage.
You shoot an arrow. The arrow hits Ijyb but does no damage.
Ijyb is heavily wounded.
Ijyb zaps a wand.
The bolt of acid hits you!!
* * * LOW HITPOINT WARNING * * *
The acid corrodes you!
You hear an angry hiss.
Unknown command.
It was a potion of brilliance.
You feel clever all of a sudden. Ijyb hits you with a +0 dagger.
* * * LOW HITPOINT WARNING * * *
It was a potion of mutation.
You feel extremely strange.
Your thoughts seem clearer.
Your vision sharpens.
Ijyb zaps a wand.
The bolt of acid misses you.
Unknown command.
Read: scroll of butterflies
Press: ? - help, Dir - look around, f - activate Look: Ijyb, wielding a +0 dagger, wearing a +0 leather armour and carrying a wand of acid (heavily wounded)
As you read the scroll of butterflies, it crumbles to dust.
You hear the flapping of tiny wings.
Ijyb is knocked back by the sudden gust.
Unknown command.
Unknown command.
Okay, then.
Unknown command.
Ijyb zaps a wand.
The bolt of acid hits your butterfly!
Your butterfly dies!
Your butterfly disappears in a burst of colours!
The bolt of acid hits your butterfly!!
Your butterfly dies!
Your butterfly disappears in a burst of colours!
The bolt of acid hits you!
You die...

## ############## #.
....#>...........####.
):..#b#..#######......
.bb.#b##........####..
.bb.#b#########.####..
.bg.'♣# #........
.b†b### #....###. .b..
#......#. ####
#........ #.##...##
... ..# ... ##.


You could see Ijyb (ally target).

Vanquished Creatures
  7 adders
  A worm (D:3)
  A dart slug (D:1)
  4 ball pythons
  7 endoplasms
  A giant cockroach (D:2)
  A goblin (D:1)
  6 hobgoblins
  6 quokkas
  6 bats
  4 frilled lizards (D:2)
  4 kobolds (D:1)
  4 rats
52 creatures vanquished.

Notes
Turn   | Place    | Note
-------+----------+-------------------------------------------
     0 | D:1      | Newt the Kobold Hunter began the quest for the Orb.
     0 | D:1      | Reached XP level 1. HP: 12/12 MP: 1/1
   163 | D:1      | Reached XP level 2. HP: 12/18 MP: 2/2
   655 | D:1      | Reached XP level 3. HP: 21/23 MP: 3/3
   836 | D:2      | Found Vouhi's Weapon Shoppe.
  1040 | D:2      | HP: 1/24 [adder (2)]
  1043 | D:2      | Reached XP level 4. HP: 10/30 MP: 4/4
  1506 | D:2      | Identified the amulet of Kylipt {Fly rPois Regen+ Str+5
                  | Dex+3}
  1621 | D:2      | Reached skill level 5 in Fighting
  1881 | D:2      | Reached XP level 5. HP: 35/35 MP: 5/5
  2156 | D:3      | Reached skill level 6 in Ranged Weapons
  2218 | D:3      | Noticed Ijyb
  2232 | D:3      | Gained mutation: You possess an exceptional clarity of
                  | mind. [potion of mutation]
  2232 | D:3      | Gained mutation: You have supernaturally acute eyesight.
                  | (SInv) [potion of mutation]
  2234 | D:3      | Killed from afar by Ijyb

Illustrated notes

Levels and vault maps discovered:
D:1:      dpeg_arrival_three_bigger_balls, layout_basic
D:2:      kennysheep_six_static_rooms, layout_basic, serial_shops, shop
D:3:      layout_basic, dreamdust_ecumenical_altar_grove, uniq_ijyb

Skill      XL: |  1  2  3  4  5 |
---------------+----------------+-----
Fighting       | 3 4 5 |  5.0
Ranged Weapons | 6 |  6.1
Dodging        | |  2.4
Stealth        | |  1.3

Action                     |  1- 3 |  4- 6 || total
---------------------------+-------+-------++-------
   Fire: Shortbow          |    91 |    82 ||   173
    Use: Potion            |     1 |     4 ||     5
         Scroll            |       |     4 ||     4
 Armour: Leather armour    |    14 |    13 ||    27
         Skin              |       |     5 ||     5
  Dodge: Dodged            |    46 |    46 ||    92

Table legend: (Time is in decaauts)
 A = Elapsed time spent in this place.
 B = Non-inter-level travel time spent in this place.
 C = Inter-level travel time spent in this place.
 D = Time resting spent in this place.
 E = Time spent auto-exploring this place.
 F = Levels seen in this place.
 G = Mean time per level.
                   A        B        C        D        E       F      G
               +--------+--------+--------+--------+--------+-----+--------+
         Total |   2263 |   2239 |     24 |    377 |   1540 |   3 |  754.3 |
       Dungeon |   2263 |   2239 |     24 |    377 |   1540 |   3 |  754.3 |
               +--------+--------+--------+--------+--------+-----+--------+

Top non-repeatable levels by time:
     D:2: 1352 daAuts
     D:1: 812 daAuts
     D:3: 99 daAuts
